 Seeded DCSS version 0.30-a0-1035-g38d5fb2972 (webtiles) character file.

Game seed: 7547814903460644772 (custom seed)

23 DeathPants the Stinger (level 2, -2/20 HPs)
             Began as a Ghoul Venom Mage on Apr 8, 2023.
             Slain by a hobgoblin (3 damage)
             ... on level 2 of the Dungeon.
             The game lasted 00:02:36 (470 turns).

DeathPants the Stinger (Ghoul Venom Mage)            Turns: 470, Time: 00:02:36

Health: -2/20      AC:  2    Str: 11    XL:     2   Next: 95%
Magic:  2/4        EV: 12    Int: 10    God:
Gold:   30         SH:  0    Dex:  9    Spells: 2/5 levels left

rFire   . . .      SeeInvis .    b - +4 dagger
rCold   + . .      Faith    .    (no shield)
rNeg    + + +      Spirit   .    a - +0 robe
rPois   ∞          Reflect  .    (no helmet)
rElec   .          Rampage  .    (no cloak)
rCorr   .                        (no gloves)
Will    .....                    (no boots)
Stlth   ++                       (no amulet)
HPRegen 0.00/turn                (no ring)
MPRegen 0.09/turn                (no ring)

@: mighty, inhibited regen
A: claws 1, cold resistance 1, negative energy resistance 3, inhibited
regeneration, torment resistance 2, devour on kill
a: no special abilities


You were on level 2 of the Dungeon.
You visited 1 branch of the dungeon, and saw 2 of its levels.

You collected 30 gold pieces.

Inventory:

Hand Weapons
 b - a +4 dagger (weapon)
 d - a +0 dagger
Armour
 a - a +0 robe (worn)
Scrolls
 g - a scroll of magic mapping {unknown}
Potions
 f - 2 potions of experience
 i - a potion of haste {unknown}


   Skills:
 - Level 1.7 Dodging
 - Level 2.1 Stealth
 + Level 2.3 Spellcasting
 - Level 0.8 Transmutations
 + Level 3.5 Poison Magic


You had 2 spell levels left.
You knew the following spells:

 Your Spells              Type           Power      Damage    Failure   Level
a - Sting                 Tmut/Pois      20%        1d4       12%         1
b - Poisonous Vapours     Pois/Air       8%         N/A       22%         2

Your spell library contained the following spells:

 Spells                   Type           Power      Damage    Failure   Level
 Mephitic Cloud           Conj/Pois/Air  3%         N/A       50%         3
 Olgreb's Toxic Radiance  Pois           8%         N/A       56%         4


Dungeon Overview and Level Annotations

Branches:
Dungeon (2/15)

Altars:

Annotations:
D:2 Jessica


Innate Abilities, Weirdness & Mutations

You are immune to poison.
You have sharp fingernails.
Your flesh is cold resistant. (rC+)
You are immune to negative energy. (rN+++)
You do not regenerate when monsters are visible.
You are immune to unholy pain and torment.
You thrive by killing the living.


Message History

Jessica seems to speed up.
You hit the adder.
The adder is severely wounded.
Jessica mumbles some strange words.
Jessica blinks!
The adder barely misses you. The adder closely misses you.
As you read the scroll labelled QAVISTR RITEPIFA, it crumbles to dust.
It is a scroll of identify.
f - 2 potions of experience The adder bites you but does no damage.
It was a potion of cancellation.
You feel magically purged. Jessica completely misses you.
The adder barely misses you. Jessica hits you with a +0 club.
It was a potion of might.
You feel very mighty all of a sudden. The adder barely misses you.
Jessica hits you with a +0 club. The adder bites you.
* * * LOW HITPOINT WARNING * * *
You barely miss Jessica. Jessica hits you with a +0 club.
* * * LOW HITPOINT WARNING * * *
The adder misses you.
Jessica mumbles some strange words.
Jessica blinks!
You barely miss the adder.
The adder is severely wounded.
The adder misses you.
You puncture the adder!
You kill the adder!
You feel better. The hobgoblin hits you.
* * * LOW HITPOINT WARNING * * *
You puncture the worm!
The worm is heavily wounded.
The hobgoblin hits you.
* * * LOW HITPOINT WARNING * * *
Aiming: Sting (safe; 12% risk of failure)
Press: ? - help, Q - select action, (/) - cycle Shift-Dir - straight line, f - hobgoblin
Aim: a hobgoblin (68% to hit)
The sting hits the hobgoblin.
The hobgoblin is poisoned.
The hobgoblin is heavily wounded.
The hobgoblin hits you.
You die...

# #. # #
#.##.####.#.###
.$......#......
#....g......
#@# ..
#.####w#.#.##.
#.....<.......
............###
#######.#.###
#.#.# #.#.# #.#
# #.#


You could see a worm and a hobgoblin (poisoned).

Vanquished Creatures
  An adder (D:2)
  A ball python (D:1)
  2 bats (D:1)
  3 goblins
  2 hobgoblins (D:1)
  A frilled lizard (D:1)
  2 kobolds (D:1)
  2 rats (D:1)
14 creatures vanquished.

Notes
Turn   | Place    | Note
-------+----------+-------------------------------------------
     0 | D:1      | DeathPants the Ghoul Venom Mage began the quest for the
                  | Orb.
     0 | D:1      | Reached XP level 1. HP: 14/14 MP: 2/2
   245 | D:1      | Reached XP level 2. HP: 12/20 MP: 0/4
   380 | D:1      | Learned a level 2 spell: Poisonous Vapours
   441 | D:1      | Found a faded altar of an unknown god.
   455 | D:2      | Noticed Jessica
   469 | D:2      | HP: 1/20 [hobgoblin (1)]
   470 | D:2      | Slain by a hobgoblin

Illustrated notes

Levels and vault maps discovered:
D:1:      lordsloth_arrival_two_stooges, layout_basic,
          chequers_ecumenical_altar_simple
D:2:      layout_loops_ring, uniq_jessica

Skill      XL: |  1 |
---------------+----+-----
Spellcasting   | 2 |  2.3
Dodging        | |  1.7
Stealth        | |  2.1
Transmutations | |  0.8
Poison Magic   | |  3.5

Action                     || total
---------------------------++-------
  Melee: Rapier            ||     8
         Dagger            ||    38
         Unarmed           ||     1
         Punch             ||     1
   Cast: Sting             ||    11
    Use: Potion            ||     3
         Scroll            ||     1
 Armour: Robe              ||    13
  Dodge: Dodged            ||    52

Table legend: (Time is in decaauts)
 A = Elapsed time spent in this place.
 B = Non-inter-level travel time spent in this place.
 C = Inter-level travel time spent in this place.
 D = Time resting spent in this place.
 E = Time spent auto-exploring this place.
 F = Levels seen in this place.
 G = Mean time per level.
                   A        B        C        D        E       F      G
               +--------+--------+--------+--------+--------+-----+--------+
         Total |    470 |    470 |      0 |     10 |    220 |   2 |  235.0 |
       Dungeon |    470 |    470 |      0 |     10 |    220 |   2 |  235.0 |
               +--------+--------+--------+--------+--------+-----+--------+

Top non-repeatable levels by time:
     D:1: 451 daAuts
     D:2: 18 daAuts
